[Event "GCT Superbet Rapid Poland 2025"]
[Site "Warsaw"]
[Date "2025.04.26"]
[Round "3.2"]
[White "Deac, Bogdan-Daniel"]
[Black "Praggnanandhaa R"]
[Result "1-0"]
[ECO "E73"]
[WhiteElo "2668"]
[BlackElo "2758"]
[Annotator "TA"]
[PlyCount "100"]
[EventDate "2025.??.??"]
[EventType "rapid"]
[TimeControl "1500+10"]

1. d4 Nf6 2. c4 g6 3. Nc3 Bg7 4. e4 d6 5. Be2 O-O 6. Be3 a5 {[%emt 0:00:02] E73: King's Indian: Averbakh Variation without 6...c5.} 7. h3 $5 {[%emt 0:01:21][%mdl 4] Leaves trodden paths.} ({RR} 7. Nf3 Ng4 8. Bg5 h6 9. Bh4 Nf6 10. Nd2 Nc6 11. Nb5 e5 12. d5 Nd4 13. Nxd4 exd4 14. O-O Qe8 15. Bxf6 Bxf6 16. Bd3 Bg7 17. f4 Bd7 18. Qc2 c6 19. Rae1 cxd5 20. exd5 Qc8 21. Ne4 Qc7 {Martirosyan,H (2661)-Praggnanandhaa,R (2757) Biel SUI 2024 ½-½ (40)}) ({RR} 7. h4 h5 8. Nf3 Nc6 9. O-O Bg4 10. Rc1 Nd7 11. Ng5 Nf6 12. f3 Bd7 13. d5 Ne5 14. c5 c6 15. cxd6 exd6 16. dxc6 Bxc6 17. Qd4 Qe7 18. Rfd1 Rfd8 19. Qb6 d5 20. exd5 Ned7 21. Qd4 Nxd5 {Tatarinov,D (2332)-Deac,B (2690) chess.com INT 2024 0-1 (41)}) 7... e5 8. d5 Na6 {[%emt 0:00:01] The position is equal.} 9. Qc2 $146 {[%emt 0:09:21][%mdl 4] An interesting side line.} (9. h4 $14 {should be considered.}) ({RR} 9. g4 Nc5 10. f3 c6 11. Qd2 cxd5 12. cxd5 Bd7 13. h4 h5 14. g5 Ne8 15. Nh3 Nc7 16. Nf2 b5 17. Rc1 b4 18. Ncd1 Nb5 19. Bxb5 Bxb5 20. Bxc5 dxc5 21. Rxc5 Qb6 22. Qe3 a4 23. Kd2 Rab8 {Bryakin,M (2479)-Xu,Z (2509) Novi Sad SRB 2024 ½-½ (38)}) ({RR} 9. g4 Nc5 10. f3 c6 11. Qd2 cxd5 12. cxd5 Bd7 13. h4 h5 14. g5 Ne8 15. Nh3 Nc7 16. Nf2 b5 17. Rc1 b4 18. Ncd1 Nb5 19. Bxb5 Bxb5 20. Bxc5 dxc5 21. Rxc5 Qb6 22. Qe3 a4 23. Kd2 Rab8 {Bryakin,M (2479)-Xu,Z (2509) Novi Sad SRB 2024 ½-½ (38)}) ({RR} 9. g4 Nc5 10. f3 c6 11. Qd2 cxd5 12. cxd5 Bd7 13. h4 h5 14. g5 Ne8 15. Nh3 Nc7 16. Nf2 b5 17. Rc1 b4 18. Ncd1 Nb5 19. Bxb5 Bxb5 20. Bxc5 dxc5 21. Rxc5 Qb6 22. Qe3 a4 23. Kd2 Rab8 {Bryakin,M (2479)-Xu,Z (2509) Novi Sad SRB 2024 ½-½ (38)}) 9... c6 10. Nf3 cxd5 $146 (10... Nc7 11. O-O-O cxd5 12. cxd5 Na6 13. g4 b6 14. g5 Nh5 15. h4 Bd7 16. Kb1 Nc5 17. Ne1 {1-0 Ratkovic,M (2099)-Panic,A (1842) Belgrade Trophy 21st 2008 (3)}) 11. cxd5 Nh5 12. Qd2 f5 13. Bxa6 bxa6 14. Qd3 Rb8 15. O-O h6 16. Qe2 Nf6 17. Rab1 Qe8 (17... Nxe4 18. Nxe4 fxe4 19. Nd2 $14) (17... fxe4 18. Nd2 $14) 18. a3 g5 (18... fxe4 19. Nd2 $14) 19. b4 (19. Rfe1 $11 {remains equal.}) 19... g4 $1 $17 (19... Nxe4 20. Nxe4 fxe4 21. Nd2 $14) (19... fxe4 $6 20. Nd2 $11) 20. hxg4 fxe4 ({Black should try} 20... Nxg4 $17 {White must now prevent ...Qh5.} 21. bxa5 Rxb1 22. Rxb1 Qh5) 21. Nh2 $11 Qg6 (21... a4 $142) 22. g5 (22. bxa5 Bxg4 23. Nxg4 (23. Qxa6 $2 Bf3 $19) 23... Nxg4 24. Rxb8 (24. Qxa6 $2 Qh5 $19) 24... Rxb8 $11) 22... hxg5 (22... Nh5 $1 $11) 23. bxa5 $16 Rxb1 24. Rxb1 {[%emt 0:00:05] White plays on the queen side and is better} Kf7 {[%emt 0:00:33] [#]} 25. Rb8 $2 (25. Qc4 $1 $18) 25... Rh8 $11 26. Qc4 Qh5 {[%emt 0:00:11] Counterplay White} 27. Rxc8 {[%emt 0:00:04] White attacks} Qxh2+ 28. Kf1 {[%emt 0:00:01][%cal Bg1f1,Bf1e2,Be2d2,Bd2c2,Bc2b2,Bb2b3][%mdl 32] Chess con chili.} Rh4 $2 (28... Rxc8 $14 29. Qxc8 Qh1+ 30. Ke2 g4) 29. Qxa6 (29. Bxg5 Rg4 30. Qc7+ Kg6 31. Bxf6 Qxg2+ 32. Ke1 Bxf6 $18 (32... Qg1+ $2 33. Ke2 $18)) 29... Qh1+ 30. Ke2 Qxg2 {[%emt 0:00:24] [#]} 31. Rc7+ (31. Qxd6 $2 Qg4+ 32. Kd2 Qxc8 $19) (31. Kd1 $1 $18) 31... Kg6 $16 32. Qxd6 {[%emt 0:00:01] White is much more active.} Rh1 $2 (32... g4 $16 {is more resistant.}) 33. Kd2 $1 $18 (33. Qxe5 $2 Qf1+ 34. Kd2 Qd3#) 33... Qf1 34. Kc2 ({Weaker is} 34. Nxe4 Qe1+ 35. Kd3 Qb1+ 36. Rc2 Rd1+ (36... Qd1+ 37. Nd2 $14) 37. Bd2 Qb3+ 38. Rc3 Qb5+ (38... Qxd5+ $2 {too greedy.} 39. Qxd5 Nxd5 40. Rc6+ Kf5 41. f3 $18) 39. Rc4 (39. Ke3 Qa4 $15) 39... Qb3+ 40. Rc3 Qb5+ 41. Rc4 Qb3+ 42. Rc3 $11) 34... Qd3+ 35. Kb2 Rh2 36. Kb3 Rh1 37. Kb2 $40 {[%emt 0:00:09][%mdl 128] White mounts an attack.} (37. Qxe5 $2 {is a self mate.} Rb1+ 38. Ka4 Qc2#) 37... Rh2 $1 38. Qxe5 {[%emt 0:00:13] White is clearly winning.} Qxe3 39. Qxh2 Qd2+ 40. Kb3 e3 {[%emt 0:00:01] [#]} 41. Rxg7+ $1 Kxg7 {[%emt 0:00:28][%mdl 4096] Endgame KQN-KQN. White is two pawns up.} 42. Qc7+ Kg6 43. fxe3 Qxe3 44. a6 Nxd5 45. Qd6+ Nf6 46. Kb4 {[%emt 0:00:05][%cal Od6f6] Qxf6+! would kill now.} Qf2 47. Qc5 Qb2+ 48. Ka5 Nd7 49. Qd6+ Kh5 50. Ne4 {[%emt 0:00:12][%cal Oa6a7] Black must now prevent a7!.} Ne5 {[%emt 0:00:20] Weighted Error Value: White=0.56/Black=0.79 Loses game: 	--- 	Black=2 Mistake: 	White=4 	Black=3 Inaccurate: 	White=2 	Black=1 OK: 	White=7 	Black=8 Best: 	White=3 	Black=4 Strong: 	White=1 	Black=1} 1-0

[Event "GCT Superbet Rapid Poland 2025"]
[Site "Warsaw"]
[Date "2025.04.26"]
[Round "3.3"]
[White "Vachier-Lagrave, Maxime"]
[Black "Topalov, Veselin"]
[Result "0-1"]
[ECO "C77"]
[WhiteElo "2722"]
[BlackElo "2717"]
[Annotator "TA"]
[PlyCount "108"]
[EventDate "2025.??.??"]
[EventType "rapid"]
[TimeControl "1500+10"]

1. e4 e5 2. Nf3 Nc6 3. Bb5 a6 4. Ba4 Nf6 5. O-O Be7 6. d3 b5 7. Bb3 d6 8. a3 O-O 9. Nc3 Rb8 {[%emt 0:00:00] C77: Ruy Lopez: 3...a6 4 Ba4 Nf6, unusual lines.} 10. h3 h6 11. Be3 ({RR} 11. Re1 Re8 12. Be3 Bf8 13. Qd2 Be6 14. Bxe6 fxe6 15. d4 exd4 16. Nxd4 Ne5 17. f4 Nc4 18. Qf2 Qd7 19. Bc1 c5 20. Nf3 d5 21. e5 Nh7 22. b3 Nb6 23. Bd2 a5 24. Kh1 a4 25. Rad1 axb3 {Yaniv,Y (2410)-Kobo,O (2539) Eilat ISR 2025 ½-½ (66)}) 11... Re8 {[%emt 0:00:17][%cal Bf8e8,Be8e6,Be6f6][%mdl 32] The position is equal.} 12. Qd2 {[%emt 0:00:38][%cal Oe3h6] Threatening Bxh6!.} Bf8 13. Rae1 $146 (13. Rad1 Be6 14. Nd5 Bxd5 15. exd5 Ne7 16. c4 Nf5 17. Ba2 Qd7 18. b4 g6 19. Rfe1 {1-0 Al Tarbosh,W (2281)-Sjugirov,S (2703) Titled Tuesday intern op 14th Nov Early blitz 2023 (4)}) ({RR} 13. Rad1 Be6 14. Nd5 Bxd5 15. exd5 Ne7 16. c4 Nf5 17. Ba2 Qd7 18. b4 g6 19. Rfe1 Bg7 20. c5 dxc5 21. Bxc5 Nxd5 22. g4 Nd4 23. Nxd4 exd4 24. Rxe8+ Rxe8 25. Re1 Nc3 26. Bb3 Rxe1+ 27. Qxe1 Bf6 {Al Tarbosh,W (2281)-Sjugirov,S (2703) chess.com INT 2023 1-0 (38)}) ({RR} 13. Rad1 Be6 14. Nd5 Bxd5 15. exd5 Ne7 16. c4 Nf5 17. Ba2 Qd7 18. b4 g6 19. Rfe1 Bg7 20. c5 dxc5 21. Bxc5 Nxd5 22. g4 Nd4 23. Nxd4 exd4 24. Rxe8+ Rxe8 25. Re1 Nc3 26. Bb3 Rxe1+ 27. Qxe1 Bf6 {Al Tarbosh,W (2281)-Sjugirov,S (2703) chess.com INT 2023 1-0 (38)}) 13... Be6 14. Bxe6 Rxe6 15. Nd5 Ne7 16. Nxf6+ Rxf6 17. d4 Ng6 18. Qe2 Qe8 19. d5 c6 $1 20. Rd1 cxd5 21. Rxd5 Qc6 22. Bc1 Be7 23. Rfd1 Bd8 24. g3 Bb6 25. Kg2 Rf8 26. c3 Ne7 27. R5d3 Re6 28. g4 {[%emt 0:00:47] [#]} f5 $1 29. gxf5 Nxf5 30. Kh1 $2 (30. exf5 $15 Rxf5 31. Rd5) 30... Ne7 $19 31. Rg1 Ref6 32. Rg3 Kh7 33. Rd1 R8f7 34. h4 Qa8 (34... Ng6 $19 35. h5 Nf4 36. Bxf4 Rxf4) 35. h5 (35. Bg5 $17 Re6 (35... hxg5 36. Nxg5+ Kg8 37. Nxf7 $11) 36. Bxe7 Rfxe7 37. Ne1) 35... Qe8 {[%emt 0:00:46][%csl Of2] Black attacks a weakness} (35... Kg8 $19 36. Rdg1 Qf8) 36. Kg2 {[%emt 0:00:15] [#]} (36. Be3 $17 {was worth a try.} Bxe3 37. fxe3) 36... Rf8 (36... d5 $1 $19 37. Re1 (37. exd5 $2 Nf5 $19) 37... d4) 37. Rh1 (37. Be3 $17 Bxe3 38. Qxe3) 37... Qc6 (37... d5 $19 {...dxe4 would now be deadly.} 38. Re1 (38. exd5 $2 Nf5 $19) 38... Kg8 (38... Qxh5 $2 39. exd5 Ng6 40. Rh1 $19)) 38. Rh4 $17 R6f7 39. Be3 Bxe3 40. Qxe3 Ng8 41. Qd3 Nf6 42. Nd2 Nd7 43. f3 Nc5 44. Qc2 (44. Qd5 $17 Qe8 45. Rg6) 44... Ne6 $19 45. Qd1 Nf4+ 46. Kh1 Qc5 47. Rh2 Ne6 48. Qg1 Qc8 49. Rg6 Rf6 50. Qg4 Qe8 51. Rxf6 Rxf6 52. Qg1 Qf7 53. Qg3 Ng5 54. Kg2 $2 (54. Qg1) 54... Qa2 {[%emt 0:00:04] Weighted Error Value: White=0.28 (precise) /Black=0.19 (very precise) Loses game: 	White=1 	--- Mistake: 	White=5 	Black=4 Inaccurate: 	White=3 	--- OK: 	White=13 	Black=23 Best: 	White=2 	Black=1 Strong: 	--- 	Black=1} 0-1

[Event "GCT Superbet Rapid Poland 2025"]
[Site "Warsaw"]
[Date "2025.04.26"]
[Round "3.4"]
[White "Duda, Jan-Krzysztof"]
[Black "Fedoseev, Vladimir"]
[Result "0-1"]
[ECO "D31"]
[WhiteElo "2739"]
[BlackElo "2739"]
[Annotator "TA"]
[PlyCount "130"]
[EventDate "2025.??.??"]
[EventType "rapid"]
[TimeControl "1500+10"]

1. d4 d5 2. c4 e6 3. Nf3 a6 4. cxd5 exd5 5. Nc3 Be7 6. Bf4 {[%emt 0:00:39] D31: Queen's Gambit Declined: Semi-Slav without ...Nf6 (+ Marshall Gambit and Noteboom) and Exchange Variation lines without ...Nf6.} Nf6 7. e3 Nh5 $5 {[%emt 0:00:03][%mdl 4] Leaves trodden paths.} 8. Be5 {[%emt 0:01:04] The position is equal.} c6 9. h3 (9. Nd2 $5 Nf6 $8 10. Bd3 $11) 9... Nd7 10. Bh2 O-O 11. Bd3 g6 12. Qc2 a5 $146 (12... Ng7 13. Bf4 Re8 14. Bh6 Nf6 15. g4 c5 16. dxc5 Bxc5 17. O-O-O Be6 18. Nd4 Bb4 {0-1 Gumularz,S (2591)-Svane,F (2654) EU-ch 25th Eforie Nord 2025 (10)}) ({RR} 12... Ng7 13. Bf4 Re8 14. Bh6 Nf6 15. g4 c5 16. dxc5 Bxc5 17. O-O-O Be6 18. Nd4 Bb4 19. Kb1 Rc8 20. f4 Bd7 21. f5 Bxc3 22. bxc3 Ne4 23. Bxe4 Rxe4 24. Rhf1 gxf5 25. Bxg7 Kxg7 26. gxf5 Rxe3 27. Qf2 {Gumularz,S (2591)-Svane,F (2654) Eforie Nord ROU 2025 0-1 (42)}) 13. O-O Ng7 14. Rab1 Nb6 15. Ne2 Bf5 16. Nf4 Nc4 17. Rfc1 Nd6 18. Nd2 Re8 19. a4 Bf8 20. b4 (20. Bxf5 $11 Ndxf5 21. Nd3) 20... axb4 $1 $15 21. Rxb4 Qa5 $1 22. Rbb1 (22. Rcb1 $15) 22... Qxa4 $17 23. g4 Qxc2 24. Rxc2 Bd7 (24... Bxd3 $17 25. Nxd3 Nb5) 25. Rb6 $15 Rec8 26. Nb3 (26. Nxd5 cxd5 27. Bxd6 Rxc2 28. Bxc2 Bxd6 29. Rxd6 Bc6 $17) 26... Nge8 $1 27. Nc5 Rc7 28. f3 Bc8 29. e4 dxe4 30. fxe4 Ng7 31. Rcb2 Ra3 32. Nd5 cxd5 33. Bxd6 Bxd6 (33... Rxc5 34. dxc5 Rxd3 35. Bxf8 Kxf8 36. c6 $17) 34. Rxd6 Ne6 {[%emt 0:00:01] Repels Rd8+} 35. Rxd5 {[%emt 0:02:09] [#]} ({White should play} 35. Nxe6 $1 $15 Bxe6 36. Bf1) 35... Nxd4 $1 36. Rxd4 (36. Bf1 Kg7) 36... Rxc5 37. Bf1 Kg7 38. Rd5 Rc7 39. Rdb5 Ra7 40. e5 Bd7 41. Rb6 Bc6 42. Bg2 Ra3 43. R6b3 Ra5 44. Bxc6 bxc6 $17 {[%emt 0:00:02][%mdl 4096] Endgame KRR-KRR. Black is a pawn up.} 45. Re3 Rd5 46. Rc2 (46. Kf2 $142) 46... c5 47. e6 {[%emt 0:00:09] [#]} fxe6 ({Don't do} 47... Re7 48. Rec3 $17) 48. Rxe6 Rd3 49. Rc4 Rxh3 50. Kg2 {[%emt 0:00:09] [#]} (50. Kf2 {is a better defense.}) 50... Rb3 $1 $19 51. Re5 Rb4 52. Rxb4 (52. Ree4 $142 Rxc4 53. Rxc4) 52... cxb4 {[%emt 0:00:01] KR-KR. Black is two pawns up.} 53. Rb5 {[%emt 0:00:01] Dodges Rb7} Rc4 54. g5 Kf7 55. Kf3 Ke6 56. Rb7 $2 (56. Ke3) 56... Ke5 {[%emt 0:00:29] Black is clearly winning.} 57. Ke3 Kf5 58. Rxh7 Kxg5 59. Kd3 Rf4 60. Rb7 Kg4 61. Ke2 g5 62. Rb5 Kh4 {[%emt 0:00:10] ...g4 would now be deadly.} 63. Ke3 Rc4 64. Kd3 Rg4 65. Ke2 Rg2+ {[%emt 0:00:03] Weighted Error Value: White=0.39/Black=0.07 (flawless) Mistake: 	White=7 	Black=1 Inaccurate: 	White=6 	Black=3 OK: 	White=13 	Black=19 Best: 	--- 	Black=6 Strong: 	--- 	Black=4} 0-1

[Event "GCT Superbet Rapid Poland 2025"]
[Site "Warsaw"]
[Date "2025.04.26"]
[Round "3.5"]
[White "Gavrilescu, David"]
[Black "Firouzja, Alireza"]
[Result "1/2-1/2"]
[ECO "B11"]
[WhiteElo "2554"]
[BlackElo "2757"]
[Annotator "TA"]
[PlyCount "144"]
[EventDate "2025.??.??"]
[EventType "rapid"]
[TimeControl "1500+10"]

1. e4 c6 2. Nf3 d5 3. Nc3 dxe4 4. Nxe4 Nf6 5. Qe2 Bf5 6. Nxf6+ {[%emt 0:00:50] B11: Caro-Kann: Two Knights Variation.} gxf6 7. d3 $1 {[%emt 0:00:07] The main line 7.d3 scores better than 7.d4.} c5 ({RR} 7... Nd7 8. g3 e5 9. Bg2 Qc7 10. O-O h5 11. Rb1 O-O-O 12. b4 Nb6 13. Rb3 Bg4 14. c4 h4 15. h3 Bh5 16. g4 Bg6 17. Be3 Kb8 18. a4 Nc8 19. a5 Qd7 20. Rd1 Bg7 21. b5 c5 22. Bxc5 {Aronian,L (2729)-Firouzja,A (2751) Saint Louis USA 2024 1-0}) 8. c3 $146 {[%emt 0:02:28] White is slightly better.} (8. g3 Nc6 9. Bg2 Qd7 10. O-O O-O-O 11. Be3 e5 12. Nd2 Nd4 13. Bxd4 cxd4 14. a4 {1-0 Praggnanandhaa,R (2608)-Ovetchkin,R (2518) Titled Tuesday intern op 22nd Sept blitz 2020 (4)}) ({RR} 8. g3 Nc6 9. Bg2 Qd7 10. Be3 Nd4 11. Qd1 Rc8 12. c3 Nxf3+ 13. Qxf3 b6 14. d4 Bg4 15. Qe4 Bh5 16. O-O cxd4 17. Bxd4 Bg7 18. Rfe1 e5 19. Qh4 Qg4 20. Qxg4 Bxg4 21. a4 O-O 22. Be3 Rb8 {Baskin,R (2390)-Donchenko,A (2657) Magdeburg 2020 0-1 (36)}) ({RR} 8. g3 Nc6 9. Bg2 Qd7 10. Be3 e5 11. O-O Be7 12. Nh4 Bg4 13. Bf3 h5 14. Bxg4 hxg4 15. Ng2 O-O-O 16. a3 Qf5 17. f3 Qh7 18. Ne1 gxf3 19. Nxf3 Rdg8 20. b4 cxb4 21. axb4 Bxb4 22. d4 e4 {Schmider,N (2395)-Kosteniuk,A (2484) chess.com INT 2025 0-1 (37)}) ({RR} 8. g3 Nc6 9. Bg2 Qd7 10. Be3 Nd4 11. Qd1 Rc8 12. c3 Nxf3+ 13. Qxf3 b6 14. d4 Bg4 15. Qe4 Bh5 16. O-O cxd4 17. Bxd4 Bg7 18. Rfe1 e5 19. Qh4 Qg4 20. Qxg4 Bxg4 21. a4 O-O 22. Be3 Rb8 {Baskin,R (2390)-Donchenko,A (2657) Magdeburg 2020 0-1 (36)}) ({RR} 8. g3 Nc6 9. Bg2 Qd7 10. Be3 Nd4 11. Bxd4 cxd4 12. O-O Rc8 13. Rae1 Bg4 14. Qd2 Bg7 15. Qb4 Bxf3 16. Bxf3 e6 17. Re2 b6 18. Rfe1 f5 19. Bh5 Rc6 20. a4 a5 21. Qa3 Qe7 22. Bf3 Rd6 {Fedorchuk,S (2604)-Buckels,V (2454) Germany 2022 1-0 (40)}) 8... Nc6 {[%emt 0:00:33] Against d4} 9. Be3 e5 10. Nd2 Bg6 11. Rd1 (11. Qf3 {was preferable.}) 11... Qd7 12. Ne4 O-O-O 13. Nxc5 (13. Nxf6 Qe6 14. Ne4 c4 $11) 13... Qd5 {[%emt 0:06:22][%csl Ba2,Bc5] Black sacrificed a pawn} 14. b4 (14. Nb3 $14) 14... Bxc5 15. Bxc5 {[%emt 0:00:58] A sharp opening} Rhe8 {[%emt 0:00:12] [#]} (15... Rd7 $11 {remains equal.}) 16. Qg4+ (16. f3 $1 $16) 16... f5 17. Qc4 f4 18. Qxd5 (18. Bxa7 $2 Qxc4 19. dxc4 Nxa7 $19 (19... Rxd1+ $2 20. Kxd1 Nxa7 21. Kc1 $19)) 18... Rxd5 19. f3 Kc7 20. Be2 Red8 21. g3 Bxd3 22. Rg1 ({Much worse is} 22. c4 Bxc4 23. Rxd5 Bxd5 $15) 22... b6 23. Bf2 {[%emt 0:00:02] Not much happening anymore} Bc4 24. Rxd5 $14 Bxd5 25. a3 Re8 26. Kd2 Rd8 27. Kc1 fxg3 28. hxg3 e4 29. fxe4 Bxe4 30. Be3 (30. g4 $16) 30... Re8 31. Bf4+ Kb7 32. Rd1 Re7 {[%emt 0:00:16] Wards off Rd7+} 33. Bg5 {[%emt 0:00:26] A strong pair of Bishops.} Rc7 34. Bf4 Re7 35. Bc4 f5 36. Rd6 Rc7 (36... Ne5 $142 37. Bb5 h5) 37. Rf6 (37. Be6 $142) 37... Ne5 $16 38. Bxe5 Rxc4 {[%emt 0:00:01][%mdl 4096] Endgame KRB-KRB} 39. Rf7+ Ka8 40. Rxh7 Rc8 41. Re7 Bc6 42. Rf7 Be4 43. a4 Re8 44. Bf4 Rc8 45. Kb2 a6 46. Re7 Bd3 47. Be3 Rc6 48. Rd7 Bc4 49. Bf4 b5 (49... Re6 $14) 50. a5 Re6 51. Kc2 Re2+ 52. Kd1 Re8 {[%emt 0:00:04] Wards off Rd8+} 53. Rd6 Kb7 54. Rb6+ Ka7 55. Rf6 Be6 56. Be3+ Kb7 57. Kd2 Kc6 58. Rh6 Kd5 59. Rh4 Kc6 60. Rh7 Kd5 61. Kd3 Kc6 {[%emt 0:00:30][%cal Of5f4] [#] And now ...f4! would win.} 62. Ra7 Bc8 63. Rg7 Be6 64. Kd4 Rg8 (64... Bc4 $14 65. Rg6+ Re6 66. Rxe6+ Bxe6) 65. Re7 Bd7 66. Bf4 Re8 67. Rf7 {[%emt 0:00:19] White is much more active.} Re4+ 68. Kd3 Re8 69. Kd4 Re4+ 70. Kd3 Re8 $1 71. Rg7 Re4 72. Rf7 Re8 $1 {[%emt 0:00:18] Weighted Error Value: White=0.13 (very precise) /Black=0.15 (very precise) Mistake: 	White=5 	Black=5 Inaccurate: 	White=3 	Black=5 OK: 	White=29 	Black=28 Best: 	White=2 	Black=3 Strong: 	--- 	Black=2} 1/2-1/2

[Event "GCT Superbet Rapid Poland 2025"]
[Site "Warsaw"]
[Date "2025.04.27"]
[Round "4.1"]
[White "Firouzja, Alireza"]
[Black "Praggnanandhaa R"]
[Result "1-0"]
[ECO "A06"]
[WhiteElo "2757"]
[BlackElo "2758"]
[Annotator "TA"]
[PlyCount "115"]
[EventDate "2025.??.??"]
[EventType "rapid"]
[TimeControl "1500+10"]

1. Nf3 {[%emt 0:00:02] Chessbase - Stockfish 17} d5 2. b3 c5 3. e3 Nf6 4. Bb2 g6 5. c4 dxc4 6. bxc4 {[%emt 0:00:03] A06: Réti Opening: 1 Nf3 d5.} Bg7 7. Be2 O-O 8. O-O {[%emt 0:00:05] The position is equal.} b6 9. d3 Bb7 10. Qc2 ({RR} 10. Nbd2 Nc6 11. Ne5 Qc7 12. f4 Rad8 13. Qb3 Ne8 14. Ndf3 Na5 15. Qc2 Nd6 16. e4 f6 17. Ng4 Nc6 18. Rae1 Nf7 19. f5 gxf5 20. exf5 Kh8 21. Qb3 Qd7 22. Ne3 Bh6 23. Nd5 Nd6 24. g4 Rg8 {Keymer,V (2733)-Warmerdam,M (2646) Wijk aan Zee 2025 [Chessbase - Stockfish 17] ½-½ (67)}) 10... Nc6 11. Ne5 $146 (11. Rd1 Qc7 12. Nc3 Rac8 13. Rac1 Rfd8 14. Qb1 Qb8 15. Qa1 Ne8 16. Ng5 Ne5 17. f4 {½-½ Levin,G (2435)-Postny,E (2597) ISR-ch op Acre 2024 (5)}) ({RR} 11. Rd1 Qc7 12. Nc3 Rac8 13. Rac1 Rfd8 14. Qb1 Qb8 15. Qa1 Ne8 16. Ng5 Ne5 17. f4 Nd7 18. Bf3 Ndf6 19. h3 Rd7 20. Bxb7 Qxb7 21. Nf3 Rdd8 22. a4 Nc7 23. a5 Nfe8 24. Rb1 Rb8 25. Ne4 Na6 {Levin,G (2435)-Postny,E (2597) Acre ISR 2024 ½-½ (64)}) ({RR} 11. Rd1 Qc7 12. Nc3 Rac8 13. Rac1 Rfd8 14. Qb1 Qb8 15. Qa1 Ne8 16. Ng5 Ne5 17. f4 Nd7 18. Bf3 Ndf6 19. h3 Rd7 20. Bxb7 Qxb7 21. Nf3 Rdd8 22. a4 Nc7 23. a5 Nfe8 24. Rb1 Rb8 25. Ne4 Na6 {Levin,G (2435)-Postny,E (2597) Acre ISR 2024 ½-½ (64)}) ({RR} 11. Rd1 Qc7 12. Nc3 Rac8 13. Rac1 Rfd8 14. Qb1 Qb8 15. Qa1 Ne8 16. Ng5 Ne5 17. f4 Nd7 18. Bf3 Ndf6 19. h3 Rd7 20. Bxb7 Qxb7 21. Nf3 Rdd8 22. a4 Nc7 23. a5 Nfe8 24. Rb1 Rb8 25. Ne4 Na6 {Levin,G (2435)-Postny,E (2597) Acre ISR 2024 ½-½ (64)}) 11... Qc7 12. Nxc6 Qxc6 13. Bf3 Qc7 (13... Qd7 14. Bxb7 Qxb7 15. Nd2 Qc7) 14. Nd2 (14. Bxb7 Qxb7 15. Nd2 Qc7 16. Nf3) 14... Rad8 15. Bxb7 (15. a4 {simplifies} Bxf3 16. Nxf3 a5 17. Be5) 15... Ng4 {[%emt 0:02:46][%csl Gg4][%cal Rc7h2] [#]} 16. Nf3 Bxb2 17. Qxb2 Qxb7 18. Rfd1 Rd6 19. a4 Rfd8 20. Ra3 a5 21. Rb3 Nf6 22. h3 Qc6 23. Ne5 Qc7 24. Rb1 Nd7 25. Ng4 {[%emt 0:00:57] Threatening mate with Nh6+.} Nf6 26. Ne5 Nd7 27. Nf3 Rc6 28. Rb5 Qd6 29. Qc3 Qc7 30. R1b3 Nb8 31. Qe5 Rdd6 32. Qg3 Nd7 33. Nd2 Nf6 34. Nf3 Qd8 (34... Nd7 $11) 35. Ne5 $16 Rc8 {[%emt 0:00:01] [#]} 36. Qf4 $1 $36 {[%emt 0:00:12][%mdl 2048] Black is under pressure. White is more active.} Qc7 37. g4 (37. d4 $14) 37... Rf8 $1 $11 38. d4 cxd4 39. exd4 Nd7 40. Nxd7 Qxd7 41. d5 (41. Rxb6 Rxd4 42. Qf3 Rxc4 $15 (42... Qxa4 43. c5 $17)) 41... e6 (41... Rc8 $11 {remains equal.}) 42. Rxb6 $16 Rxb6 43. Rxb6 exd5 44. cxd5 ({White should play} 44. c5 $16) 44... Qxd5 {[%emt 0:00:02][%mdl 4096] Endgame KQR-KQR} 45. Rb5 Qa8 46. h4 Re8 {[%emt 0:00:16] (  ...Re1+)} 47. Kh2 Qe4 48. Kg3 {[%emt 0:00:16] aiming for Qxe4.} Qh1 49. Qf3 Qg1+ 50. Kh3 Qf1+ 51. Kg3 Qg1+ 52. Kh3 Qf1+ 53. Kg3 Rd8 54. Rb3 {[%emt 0:00:11] Inhibits Rd3.} Qg1+ 55. Kh3 Rd4 $2 {[%emt 0:00:16][%mdl 8192] [#]} (55... Qa1 $11) 56. Rb7 $1 $18 Qf1+ 57. Kh2 Qc4 58. Qf6 {[%emt 0:00:20] Weighted Error Value: White=0.08 (flawless) /Black=0.30 Loses game: 	--- 	Black=1 Mistake: 	White=2 	Black=2 Inaccurate: 	White=2 	Black=2 OK: 	White=19 	Black=23 Best: 	White=3 	Black=2 Strong: 	White=2 	Black=1} 1-0